 Dungeon Crawl Stone Soup version 0.18-b1-2-gd0c887e (webtiles) character file.

123 juanjsm the Sneak (level 4, -3/31 HPs)
             Began as a Spriggan Enchanter on Apr 28, 2016.
             Killed from afar by an orc wizard (4 damage)
             ... with a magic dart
             ... on level 4 of the Dungeon.
             The game lasted 00:11:08 (2052 turns).

juanjsm the Sneak (Spriggan Enchanter)              Turns: 2052, Time: 00:11:09

Health: -3/31      AC: 22    Str:  4    XL:     4   Next: 80%
Magic:  1/9        EV:  4    Int: 17    God:
Gold:   145        SH:  0    Dex: 21    Spells: 4 memorised, 0 levels left

rFire  . . .     SeeInvis +     a - +1 dagger
rCold  . . .     Gourm    .     (armour currently unavailable)
rNeg   + + +     Faith    .     (shield restricted)
rPois  +         Spirit   .     (helmet currently unavailable)
rElec  .         Dismiss  .     (cloak currently unavailable)
rCorr  .         Reflect  .     (gloves unavailable)
SustAt .         Harm     .     (boots unavailable)
MR     .....     NoTele   +     (no amulet)
Stlth  ++++++....               s - ring of teleportation (curse)
                                (no ring)

@: agile, tree-form, very slightly contaminated, not resistant to hostile
enchantments, very stealthy
A: unfitting armour, see invisible, herbivore 3, (speed 0), slow metabolism 2
a: no special abilities


You were on level 4 of the Dungeon.
You were hungry.
You were a tree.
You visited 1 branch of the dungeon, and saw 5 of its levels.

You collected 145 gold pieces.

Inventory:

Hand Weapons
 a - a +1 dagger (weapon)
Armour
 b - a +1 robe (melded)
 h - a +0 cloak (melded)
Jewellery
 s - a cursed ring of teleportation (right branch)
Scrolls
 f - 2 scrolls of identify {unknown}
 l - a scroll of teleportation {unknown}
 n - a scroll of amnesia {unknown}
 p - a scroll of noise {unknown}
Potions
 e - 2 potions of agility
 i - a potion of curing {unknown}
 j - a potion of degeneration {unknown}
 k - a potion of berserk rage {unknown}
 m - a potion of brilliance {unknown}
 o - a potion of cancellation {unknown}
 q - a potion of might {unknown}
 r - a potion of ambrosia {unknown}
Books
 c - a book of Maledictions

   Spells                             Type                      Level
   a - Corona                         Hexes                        1
   b - Ensorcelled Hibernation        Hexes/Ice                    2
   c - Confuse                        Hexes                        3
   d - Tukima's Dance                 Hexes                        3
   e - Dazzling Spray                 Conjuration/Hexes            3
Comestibles
 d - 2 bread rations


   Skills:
 + Level 0.5 Fighting
 + Level 1.5 Short Blades
 + Level 4.0 Dodging
 + Level 6.3 Stealth
 + Level 3.3 Spellcasting
 + Level 4.0 Hexes
 + Level 1.0 Ice Magic


You couldn't memorise any spells.
You knew the following spells:

 Your Spells              Type           Power        Failure   Level  Hunger
a - Corona                Hex            ###....      3%          1    None
b - Ensorcelled Hibernat  Hex/Ice        ##....       12%         2    ##.....
c - Confuse               Hex            ###.....     12%         3    ###....
d - Dazzling Spray        Conj/Hex       #.......     24%         3    ###....


Dungeon Overview and Level Annotations

Branches:
Dungeon (5/15)
 Temple: D:4-7

Altars:
Fedhas
Yredelemnul


Innate Abilities, Weirdness & Mutations

You are tiny and cannot use many weapons and most armour.
You have supernaturally acute eyesight.
You are a herbivore.
((You cover ground extremely quickly.))
You need consume almost no food.


Message History

It was a potion of lignification.
You turn into a tree.
Your +0 cloak melds into your body.
Your +1 robe melds into your body.
Your roots penetrate the ground.
The orc wizard is no longer blind.
The orc wizard hits you but does no damage.
You cannot move.
You cannot move.
You hit the orc wizard.
The orc wizard is lightly wounded.
The orc wizard hits you but does no damage. x2
The orc wizard barely misses you.
You hit the orc wizard.
The orc wizard is lightly wounded.
The orc wizard barely misses you.
The orc wizard hits you but does no damage. x2
You hit the orc wizard but do no damage.
The orc wizard is lightly wounded.
The orc wizard hits you but does no damage.
The orc wizard gestures at you while chanting.
The magic dart hits you!
You die...

######################
.........#...........#
......o♣.#...........#
......)oo'....########
........####+##
..###...# . #...#
.....# ......#
.......# .......#


You could see 3 orc wizards.

Vanquished Creatures
  Crazy Yiuf (D:3)
  2 adders (D:2)
  2 oozes
  2 worms
  A dart slug (D:1)
  3 giant geckos
  3 orcs
  8 bats
  A giant cockroach (D:1)
  7 goblins
  6 hobgoblins
  3 jackals (D:2)
  5 giant newts
  6 kobolds
  11 rats
61 creatures vanquished.

Vanquished Creatures (others)
  An ogre (D:4)
  A giant gecko (D:4)
2 creatures vanquished.

Grand Total: 63 creatures vanquished

Notes
Turn   | Place    | Note
--------------------------------------------------------------
     0 | D:1      | juanjsm the Spriggan Enchanter began the quest for the Orb.
     0 | D:1      | Reached XP level 1. HP: 9/9 MP: 5/5
   343 | D:1      | Reached XP level 2. HP: 9/13 MP: 6/6
   468 | D:1      | Learned a level 2 spell: Ensorcelled Hibernation
   653 | D:1      | Reached skill level 5 in Stealth
   947 | D:2      | Reached XP level 3. HP: 16/16 MP: 8/8
   952 | D:2      | Learned a level 3 spell: Confuse
  1467 | D:2      | Reached XP level 4. HP: 21/21 MP: 9/9
  1483 | D:2      | Learned a level 3 spell: Dazzling Spray
  1588 | D:3      | Found a blossoming altar of Fedhas.
  1741 | D:4      | Found a basalt altar of Yredelemnul.
  1744 | D:5      | Entered Level 5 of the Dungeon
  1911 | D:3      | Noticed Crazy Yiuf
  1918 | D:3      | Killed Crazy Yiuf
  1918 | D:3      | Reached skill level 6 in Stealth
  2016 | D:4      | Killed an ogre
  2034 | D:4      | Reached skill level 1 in Ice Magic
  2047 | D:4      | HP: 1/21 [orc wizard/magic dart (7)]
  2052 | D:4      | Killed from afar by an orc wizard

Skill      XL: |  1  2  3  4 |
---------------+-------------+-----
Stealth        | 5 6 |  6.3
Dodging        | 4 |  4.0
Spellcasting   | 3 |  3.3
Hexes          | 4 |  4.0
Ice Magic      | 1 |  1.0
Fighting       | |  0.5
Short Blades   | |  1.5

Action                   |  1- 3 |  4- 6 || total
-------------------------+-------+-------++-------
Melee: Dagger            |    98 |    46 ||   144
 Cast: Ensorcelled Hiber |    12 |    10 ||    22
       Corona            |     1 |       ||     1
       Dazzling Spray    |       |     2 ||     2
  Use: Potion            |       |     2 ||     2
 Stab: Sleeping          |    27 |    14 ||    41
       Distracted        |       |     1 ||     1
Armor: Robe              |     7 |     7 ||    14
       Skin              |       |     5 ||     5
Dodge: Dodged            |    70 |    41 ||   111
